 Dungeon Crawl Stone Soup version 0.20.1-1-g8b1a95d (webtiles) character file.

7478 homeworkjunkie the Cleaver (level 11, -3/95 HPs)
             Began as a Hill Orc Fighter on Nov 30, 2017.
             Was a High Priest of Okawaru.
             Slain by Rupert
             ... wielding a +0 great sword of protection
              (26 damage)
             ... on level 12 of the Dungeon.
             The game lasted 00:18:45 (9587 turns).

homeworkjunkie the Cleaver (Hill Orc Fighter)       Turns: 9587, Time: 00:18:46

Health: -3/95      AC: 16    Str: 22    XL:     11   Next: 15%
Magic:  15/15      EV: 14    Int:  8    God:    Okawaru [*****.]
Gold:   575        SH:  0    Dex: 11    Spells: 10/10 levels left

rFire    + + .     SeeInvis .   y - +5 battleaxe
rCold    . . .     Gourm    +   (shield currently unavailable)
rNeg     + . .     Faith    .   v - +4 scale mail {rF+}
rPois    .         Spirit   .   (helmet restricted)
rElec    .         Reflect  .   (no cloak)
rCorr    .         Harm     .   e - +2 pair of gloves
MR       .....                  m - +0 pair of boots
Stlth    ..........             w - amulet of the gourmand
Regen    0.3/turn               i - ring of positive energy
MPRegen  0.2/turn               l - +3 ring of evasion

@: very slightly contaminated, invisible
A: antennae 1, fire resistance 1
a: Heroism, Finesse, Renounce Religion


You were on level 12 of the Dungeon.
You worshipped Okawaru.
Okawaru was extremely pleased with you.
You were not hungry.

You visited 3 branches of the dungeon, and saw 14 of its levels.

You collected 725 gold pieces.
You spent 150 gold pieces at shops.

Inventory:

Hand Weapons
 a - a +0 war axe
 k - a +1 hand axe of freezing
 y - a +5 battleaxe (weapon)
Armour
 e - a +2 pair of gloves (worn)
 m - a +0 pair of boots (worn)
 q - a +1 helmet
 v - a +4 scale mail of fire resistance (worn)
Jewellery
 d - an uncursed ring of flight
 i - a ring of positive energy (left hand)
 l - a +3 ring of evasion (right hand)
 n - an uncursed ring of positive energy
 p - an uncursed ring of ice
 w - an amulet of the gourmand (around neck)
Wands
 g - a wand of acid (0/15)
 t - a wand of flame (20/48)
 u - a wand of lightning (5/15)
 L - a wand of clouds (2/9)
Scrolls
 b - a scroll of blinking
 o - 3 scrolls of remove curse
 r - 5 scrolls of teleportation
Potions
 c - 2 potions of might
 h - 2 potions of magic
 B - a potion of resistance
 G - a potion of ambrosia
 J - a potion of haste
 K - a potion of flight
Comestibles
 f - 9 bread rations
 A - a meat ration
 C - 3 fruits


   Skills:
 * Level 8.3 Fighting
 * Level 13.5 Axes
 * Level 7.9 Armour
 + Level 2.3 Dodging
 + Level 1.1 Stealth
   Level 7.9 Shields
 * Level 5.7 Evocations


You had 10 spell levels left.
You didn't know any spells.

Dungeon Overview and Level Annotations

Branches:
Dungeon (12/15)            Temple (1/1) D:6            Lair (1/6) D:11
    Orc: D:9-12

Altars:
Cheibriados
Dithmenos
Elyvilon
Fedhas
Gozag
Hepliaklqana
Kikubaaqudgha
Nemelex Xobeh
Okawaru
Uskayaw
Xom
The Shining One

Shops:
D:9 [   D:10 !

Annotations:
D:12 Rupert


Innate Abilities, Weirdness & Mutations

You have a pair of small antennae on your head.
Your flesh is heat resistant. (rF+)


Message History

Rupert is severely wounded.
You hit Rupert but do no damage.
Rupert is severely wounded.
Rupert hits you but does no damage.
You bump into the rock wall.
You bump into the rock wall.
Rupert hits you with a great sword of protection!
* * * LOW HITPOINT WARNING * * *
You bump into the rock wall.
You feel less confused.
Rupert looks more energetic.
You feel better.
Rupert roars madly and goes into a rage!
Rupert goes berserk!
You fade into invisibility!
Rupert misses you.
You slash Rupert!
Rupert is severely wounded.
Rupert hits you with a great sword of protection!!
You die... #.###### #....@@# ########

You could see Rupert (berserk).

Vanquished Creatures
  The ghost of Schiappus the Cleaver, a novice DgFi (D:8)
  The ghost of kalagan the Digger, a novice GrEE (D:7)
  Pikel (D:5)
  The ghost of kalagan the Magician, a novice DEFE of Vehumet (D:6)
  Psyche (D:8)
  3 slime creatures (D:10)
  2 hippogriffs
  A shadow (D:10)
  A yak (D:8)
  A human (D:8)
  3 hogs (D:8)
  A hungry ghost (D:8)
  4 slaves (D:5)
  3 ice beasts
  4 sky beasts
  A phantom (D:5)
  3 ogres
  7 centaurs
  A big kobold (D:10)
  5 bullfrogs
  2 scorpions (D:9)
  A killer bee (D:10)
  4 wights (D:7)
  A howler monkey (D:9)
  An electric eel (D:11)
  3 crimson imps
  A quasit (D:9)
  2 hounds
  4 jellies
  A centaur skeleton (D:7)
  3 orc priests
  5 orc wizards
  3 iguanas
  5 worker ants
  2 hound zombies
  A hound skeleton (D:5)
  14 adders
  3 gnolls (D:6)
  2 shadow imps
  An ooze (D:5)
  An adder zombie (D:9)
  5 worms
  5 dart slugs
  8 leopard geckos
  18 orcs
  7 bats
  4 giant cockroaches
  5 goblins
  4 hobgoblins
  12 jackals
  3 quokkas
  6 ball pythons
  5 frilled lizards
  A goblin skeleton (D:9)
  A goblin zombie (D:9)
  2 hobgoblin zombies (D:9)
  15 kobolds
  A kobold skeleton (D:9)
  A leopard gecko skeleton (D:7)
  2 orc skeletons (D:9)
  2 orc zombies (D:9)
  A quokka skeleton (D:4)
  A quokka zombie (D:6)
  6 rats
220 creatures vanquished.

Notes
Turn   | Place    | Note
-------+----------+-------------------------------------------
     0 | D:1      | homeworkjunkie the Hill Orc Fighter began the quest for the Orb.
     0 | D:1      | Reached XP level 1. HP: 19/19 MP: 1/1
    55 | D:1      | Reached XP level 2. HP: 27/27 MP: 2/2
   285 | D:5      | Entered Level 5 of the Dungeon
   403 | D:2      | Reached skill level 3 in Axes
   403 | D:2      | Reached XP level 3. HP: 11/33 MP: 3/3
   648 | D:2      | Found an iron altar of Okawaru.
   656 | D:2      | Became a worshipper of Warmaster Okawaru
   864 | D:3      | Reached XP level 4. HP: 20/40 MP: 4/4
  1032 | D:3      | Reached skill level 4 in Axes
  1429 | D:3      | Reached XP level 5. HP: 35/46 MP: 5/5
  2566 | D:4      | Noticed an ogre
  2572 | D:4      | Killed an ogre
  2572 | D:4      | Reached * piety under Okawaru
  2572 | D:4      | Reached skill level 5 in Axes
  2572 | D:4      | Reached XP level 6. HP: 20/53 MP: 6/6
  2852 | D:4      | Found a shadowy altar of Dithmenos.
  2977 | D:5      | Noticed an ice beast
  3021 | D:5      | Killed an ice beast
  3021 | D:5      | Reached skill level 6 in Axes
  3546 | D:4      | You fall through a shaft for 3 floors!
  3591 | D:8      | Reached skill level 1 in Evocations
  3623 | D:8      | Noticed Psyche
  3625 | D:8      | Reached ** piety under Okawaru
  3625 | D:8      | Reached XP level 7. HP: 57/60 MP: 7/7
  3721 | D:8      | Killed Psyche
  3721 | D:8      | Reached skill level 5 in Fighting
  3721 | D:8      | Reached skill level 7 in Axes
  3721 | D:8      | Reached skill level 5 in Armour
  3721 | D:8      | Reached skill level 5 in Shields
  3873 | D:7      | Found a white marble altar of Elyvilon.
  3980 | D:7      | Reached XP level 8. HP: 63/68 MP: 9/9
  4183 | D:5      | Reached *** piety under Okawaru
  4183 | D:5      | Reached skill level 8 in Axes
  4214 | D:5      | Noticed Pikel
  4300 | D:5      | Killed Pikel
  4300 | D:5      | Reached skill level 9 in Axes
  4300 | D:5      | Reached skill level 1 in Dodging
  4611 | D:5      | Reached **** piety under Okawaru
  4611 | D:5      | Reached XP level 9. HP: 68/75 MP: 11/11
  4981 | D:5      | Reached skill level 1 in Stealth
  5719 | D:6      | Found a staircase to the Ecumenical Temple.
  5746 | Temple   | Entered the Ecumenical Temple
  5766 | D:6      | Found a hide-covered altar of Uskayaw.
  6150 | D:6      | Noticed kalagan's ghost (novice DEFE)
  6191 | D:6      | Killed kalagan's ghost
  6191 | D:6      | Reached skill level 10 in Axes
  6724 | D:7      | Noticed kalagan's ghost (novice GrEE)
  6790 | D:7      | Killed kalagan's ghost
  6790 | D:7      | Reached ***** piety under Okawaru
  6790 | D:7      | Reached skill level 11 in Axes
  6790 | D:7      | Reached XP level 10. HP: 72/84 MP: 13/13
  6859 | D:8      | Reached skill level 5 in Evocations
  7103 | D:8      | Noticed Schiappus's ghost (novice DgFi)
  7115 | D:8      | Killed Schiappus's ghost
  7115 | D:8      | Received a gift from Okawaru
  7175 | D:8      | Reached skill level 12 in Axes
  7262 | D:8      | Found a hazy altar of Hepliaklqana.
  7736 | D:10     | Entered Level 10 of the Dungeon
  7899 | D:9      | Received a gift from Okawaru
  7900 | D:9      | Got a warped hunting sling {god gift}
  7980 | D:9      | Found a glowing golden altar of the Shining One.
  8052 | D:9      | Found Ciosoyva's Antique Armour Shoppe.
  8767 | D:10     | Found Duelimpi's Distillery.
  8772 | D:10     | Reached skill level 13 in Axes
  8772 | D:10     | Reached XP level 11. HP: 77/94 MP: 15/15
  9084 | D:10     | Bought a potion of heal wounds for 50 gold pieces
  9084 | D:10     | Bought a potion of heal wounds for 50 gold pieces
  9084 | D:10     | Bought a potion of heal wounds for 50 gold pieces
  9159 | D:11     | Found a staircase to the Lair.
  9471 | Lair:1   | Entered Level 1 of the Lair of Beasts
  9481 | D:11     | Gained mutation: You have a pair of small antennae on your head. [potion of mutation]
  9481 | D:11     | Gained mutation: Your flesh is heat resistant. (rF+) [potion of mutation]
  9549 | D:12     | Noticed Rupert
  9563 | D:12     | HP: 3/95 [Rupert/great sword of protection (32)]
  9587 | D:12     | Slain by Rupert

Skill      XL: |  1  2  3  4  5  6  7  8  9 10 |
---------------+-------------------------------+-----
Axes           | 3 4 5 6 7 9 11 13 | 13.5
Fighting       | 4 5 6 8 |  8.3
Shields        | 4 5 6 7 |  7.9
Armour         | 4 5 6 7 |  7.9
Evocations     | 1 2 3 4 5 |  5.7
Dodging        | 1 2 |  2.3
Stealth        | 1 |  1.1

Action                   |  1- 3 |  4- 6 |  7- 9 | 10-12 || total
-------------------------+-------+-------+-------+-------++-------
Melee: War axe           |    96 |    57 |    19 |       ||   172
       Hand axe          |       |   143 |   412 |       ||   555
       Battleaxe         |       |       |       |   213 ||   213
Evoke: Wand              |       |       |     4 |     5 ||     9
  Use: Potion            |     3 |     6 |     7 |    12 ||    28
       Scroll            |     1 |     4 |     6 |    11 ||    22
 Stab: Distracted        |       |     1 |       |       ||     1
  Eat: Meat ration       |       |     2 |     1 |       ||     3
       Fruit             |       |     4 |       |     3 ||     7
       Bread ration      |       |       |     1 |       ||     1
       Royal jelly       |       |       |       |     5 ||     5
Armor: Scale mail        |    29 |       |    78 |    88 ||   195
       Chain mail        |    28 |    82 |    96 |       ||   206
Dodge: Dodged            |    30 |    42 |   115 |   175 ||   362
Block: Shield            |    63 |    85 |   189 |       ||   337
